 Dungeon Crawl Stone Soup version 0.29-a0-668-g12ee2bf84d (webtiles) character file.

Game seed: 8919057193681016504

55 zeratav the Sneak (level 4, 0/35 HPs)
             Began as a Formicid Fighter on June 23, 2022.
             Slain by a kobold
             ... wielding a +0 short sword
              (2 damage)
             ... on level 2 of the Dungeon.
             The game lasted 00:03:15 (1020 turns).

zeratav the Sneak (Formicid Fighter)                Turns: 1020, Time: 00:03:16

Health: 0/35       AC:  6    Str: 23    XL:     4   Next: 14%
Magic:  4/4        EV:  9    Int:  7    God:
Gold:   69         SH:  5    Dex: 13    Spells: 3/3 levels left

rFire   . . .      SeeInvis +   a - +0 war axe {axe}
rCold   . . .      Faith    .   c - +0 buckler
rNeg    . . .      Spirit   .   b - +0 scale mail
rPois   .          Reflect  .   (helmet unavailable)
rElec   .          Harm     .   (no cloak)
rCorr   .          Rampage  .   (no gloves)
Will    .....                   (no boots)
Stlth   +.........              (no amulet)
HPRegen 0.11/turn               (no ring)
MPRegen 0.09/turn               (no ring)

@: no status effects
A: permanent stasis, dig shafts and tunnels, antennae 3, four strong arms
a: Dig, Shaft Self


You were on level 2 of the Dungeon.
You visited 1 branch of the dungeon, and saw 2 of its levels.

You collected 69 gold pieces.


Innate Abilities, Weirdness & Mutations

You cannot be hasted, slowed, berserked, paralysed or teleported.
You can dig through walls and to a lower floor.
You have a pair of large antennae on your head. (SInv)
Your four strong arms can wield two-handed weapons with a shield.


   Skills:
 - Level 3.2 Fighting
 - Level 2.0 Axes
 - Level 3.2 Armour
 + Level 4.5 Stealth
 - Level 4.0 Shields


You had 3 spell levels left.
You didn't know any spells.
Your spell library was empty.

Inventory:

Hand Weapons
 a - a +0 war axe (weapon) {axe}
Armour
 b - a +0 scale mail (worn)
 c - a +0 buckler (worn)
 i - a +0 chain mail of cold resistance
   (You found it on level 1 of the Dungeon)
Jewellery
 g - a ring of ice
   (You found it on level 1 of the Dungeon)
Scrolls
 f - a scroll of teleportation {unknown}
 h - a scroll of identify {unknown}
 j - a scroll of torment {unknown}
Potions
 d - a potion of might
 e - 2 potions of heal wounds {unknown}
 k - a potion of degeneration {unknown}

Dungeon Overview and Level Annotations

Branches:
Dungeon (2/15) Zot: 10936

Altars:

#.#g{........
####.#{.........
.......#########
####.### #.# #{#
#.###
#...###########
###.).Kg.gg.K@#
############# {


You could see 3 gnolls and 2 kobolds.


Message History

HP[-1]
You take 1 damage, and now have 28/29 hp.
You miss the frilled lizard.
The frilled lizard barely misses you. x2
You closely miss the frilled lizard. The frilled lizard barely misses you.
You barely miss the frilled lizard.
The frilled lizard bites you but does no damage.
You slash the frilled lizard!
You kill the frilled lizard!
No target in view!
No target in view!
No target in view!
No target in view!
No target in view!
No target in view!
No target in view!
No target in view!
No target in view!
No target in view!
No target in view!
No target in view!
You see here a frilled lizard corpse.
Found a stone staircase leading down.
HP[+1]
Your hp is fully restored (29).
i - a +0 chain mail of cold resistance
j - a scroll labelled WEFFAU EMEA You now have 69 gold pieces (gained 12).
k - a glowing amethyst potion Done exploring.
Done exploring.
Done exploring.
Done exploring.
(D) Dungeon
Where to? (? - help)
There is a stone staircase leading down here.
You climb downwards.
You sense a monster nearby.
There is a stone staircase leading up here.
A gnoll comes into view. It is wielding a +0 spear.
A gnoll is nearby!
A gnoll and a kobold come into view.
The gnoll shouts! x2; The kobold shouts!
A gnoll comes into view. It is wielding a +0 flail.
A quokka comes into view.
A gnoll comes into view. It is wielding a +0 whip.
The gnoll shouts! x2; You hear a shout!
You block the gnoll's attack. The gnoll hits you with a +0 spear.
A kobold comes into view. It is wielding a +2 whip of venom.
HP[-3]
You take 3 damage, and now have 26/29 hp.
The gnoll barely misses you. The gnoll attacks as you move away!
The gnoll hits you with a +0 whip. The gnoll attacks as you move away!
The gnoll barely misses you.
HP[-4]
You take 4 damage, and now have 22/29 hp.
The gnoll attacks as you move away! The gnoll misses you.
The gnoll barely misses you. The kobold barely misses you.
The gnoll hits you with a +0 whip.
HP[-3]
You take 3 damage, and now have 19/29 hp.
The kobold attacks as you move away!
The kobold hits you with a +0 short sword.
The gnoll attacks as you move away! The gnoll hits you with a +0 whip.
HP[-4]
You take 4 damage, and now have 15/29 hp.
The gnoll attacks as you move away! The gnoll hits you with a +0 whip.
* * * LOW HITPOINT WARNING * * *
HP[-6]
You take 6 damage, and now have 9/29 hp.
MASSIVE DAMAGE!! (PAUSE)
The gnoll attacks as you move away! The gnoll hits you with a +0 whip.
* * * LOW HITPOINT WARNING * * *
HP[-4]
You take 4 damage, and now have 5/29 hp.
You hit the gnoll. The gnoll hits you but does no damage.
You hit the gnoll but do no damage. The gnoll hits you with a +0 whip.
* * * LOW HITPOINT WARNING * * *
HP[-4]
You take 4 damage, and now have 1/29 hp.
You slash the gnoll!
You kill the gnoll!
You block the quokka's attack. The gnoll hits you but does no damage.
You have reached level 4!
You feel stronger.
HP[+1] MP[+1]
You now have 35 max hp (+6).
Your mp is fully restored (4).
You slash the quokka!
You kill the quokka!
You block the gnoll's attack. The kobold attacks as you move away!
The kobold hits you but does no damage. The kobold attacks as you move away!
The kobold hits you with a +0 short sword.
* * * LOW HITPOINT WARNING * * *
The kobold attacks as you move away! You block the kobold's attack.
The kobold attacks as you move away! The kobold hits you but does no damage.
There is a stone staircase leading up here.
The kobold hits you with a +0 short sword.
You die...

Skill      XL: |  1  2  3 |
---------------+----------+-----
Stealth        | 2 3 4 |  4.5
Fighting       | |  3.2
Axes           | |  2.0
Armour         | |  3.2
Shields        | |  4.0

Action                   |  1- 3 |  4- 6 || total
-------------------------+-------+-------++-------
Melee: War axe           |    98 |     1 ||    99
Armor: Scale mail        |    65 |     2 ||    67
Dodge: Dodged            |    64 |       ||    64
Block: Buckler           |    26 |     2 ||    28

Levels and vault maps discovered:
D:1:      dpeg_arrival_subterranean_lakeside_camping, layout_basic,
          ebering_ecumenical_altar_box
D:2:      layout_basic, serial_bayou, serial_bayou_pond_b, serial_bayou_pond_e,
          serial_bayou_pond_b, serial_bayou_pond_d

Notes
Turn   | Place    | Note
-------+----------+-------------------------------------------
     0 | D:1      | zeratav the Formicid Fighter began the quest for the Orb.
     0 | D:1      | Reached XP level 1. HP: 18/18 MP: 1/1
     0 | D:1      | magus.rc [v1.9.6]
    24 | D:1      | Reached skill level 1 in Stealth
   100 | D:1      | Reached skill level 2 in Stealth
   100 | D:1      | Reached XP level 2. HP: 24/24 MP: 2/2
   120 | D:1      | Found a faded altar of an unknown god.
   206 | D:1      | Reached skill level 3 in Stealth
   275 | D:1      | Reached XP level 3. HP: 24/29 MP: 3/3
   741 | D:1      | Reached skill level 4 in Stealth
  1006 | D:2      | HP: 5/29 [gnoll/+0 whip (4)]
  1009 | D:2      | HP: 1/29 [gnoll/+0 whip (4)]
  1011 | D:2      | Reached XP level 4. HP: 2/35 MP: 4/4
  1014 | D:2      | HP: 1/35 [kobold/+0 short sword (1)]
  1020 | D:2      | Slain by a kobold

Vanquished Creatures
  A gnoll (D:2)
  5 ball pythons (D:1)
  2 endoplasms (D:1)
  A giant cockroach (D:1)
  4 goblins (D:1)
  2 hobgoblins (D:1)
  6 jackals (D:1)
  3 quokkas
  8 bats (D:1)
  3 frilled lizards (D:1)
  2 kobolds (D:1)
  2 rats (D:1)
39 creatures vanquished.

Table legend:
 A = Non-vault XP
 B = Vault XP
 C = Vault XP percentage of total XP
 D = Non-vault monster count
 E = Vault monster count
 F = Vault count percentage of total count
                 A         B        C        D         E       F
            +---------+---------+-------+---------+---------+-------
      Total |      70 |       9 |  11.4 |      33 |       6 |  15.4
            +---------+---------+-------+---------+---------+-------
        D:1 |      54 |       9 |  14.3 |      31 |       6 |  16.2
        D:2 |      16 |       0 |   0.0 |       2 |       0 |   0.0
            +---------+---------+-------+---------+---------+-------

Illustrated notes

Table legend:
 A = Kills in this place as a percentage of kills in entire the game.
 B = Kills by you in this place as a percentage of kills by you in the entire game.
 C = Kills by friends in this place as a percentage of kills by friends in the entire game.
 D = Other kills in this place as a percentage of other kills in the entire game.
 E = Experience gained in this place as a percentage of experience gained in the entire game.
 F = Experience gained in this place divided by the number of levels of this place that you have seen.
                   A       B       C       D       E      F
               +-------+-------+-------+-------+-------+----------------------
         Total | 100.0 | 100.0 |   N/A |   N/A | 100.0 |  39.5
       Dungeon | 100.0 | 100.0 |   N/A |   N/A | 100.0 |  39.5
               +-------+-------+-------+-------+-------+----------------------

Table legend: (Time is in decaauts)
 A = Elapsed time spent in this place.
 B = Non-inter-level travel time spent in this place.
 C = Inter-level travel time spent in this place.
 D = Time resting spent in this place.
 E = Time spent auto-exploring this place.
 F = Levels seen in this place.
 G = Mean time per level.
                   A        B        C        D        E       F      G
               +--------+--------+--------+--------+--------+-----+--------+
         Total |   1062 |   1053 |      9 |      0 |    797 |   2 |  531.0 |
       Dungeon |   1062 |   1053 |      9 |      0 |    797 |   2 |  531.0 |
               +--------+--------+--------+--------+--------+-----+--------+

Top non-repeatable levels by time:
     D:1: 1012 daAuts
     D:2: 50 daAuts
